Map: Redshift LE

Players

Mystikal - Winner!

  • Race: Terran Terran
  • Spawn Location: 11:00

Juxtapose

  • Race: Protoss Protoss
  • League: Platinum
  • Spawn Location: 7:00

VOD

https://youtu.be/z2OYf5HBJIQ

Description

My Oracle opening fails pretty hard, and that really hurt. Aside from that, my opponent was significantly better at his macro over me.

Honestly, I should have expanded properly and gotten a Robotics Facility instead of a Stargate.

Time

  • Played on: July 29, 2018, 1:04 p.m.
  • Length: 12:55
Show
View Real Time Build Order
Export as new Build Order

Mystikal Terran - Winner!

Build Orders: MMM Bio 

Get SALT Encoding   

  12  0:00  SCV  
  13  0:13  SCV  
  14  0:17  Supply Depot  
  14  0:26  SCV  
  15  0:39  SCV  
  15  0:41  Barracks  
  16  0:51  Refinery, SCV  
  17  1:03  SCV  
  18  1:15  SCV  
  19  1:28  Orbital Command  
  19  1:34  Barracks Reactor  
  19  1:42  Command Center  
  19  1:55  SCV  
  20  2:02  Refinery  
  20  2:07  SCV  
  21  2:10  Supply Depot  
  21  2:14  Factory  
  21  2:19  SCV  
  21  2:20  Marine  
  23  2:31  Marine  
  23  2:32  SCV  
  25  2:44  SCV  
  26  2:53  Orbital Command  
  26  2:56  SCV  
  27  3:08  SCV  
  27  3:09  Starport  
  28  3:15  Engineering Bay, Barracks Tech Lab  
  28  3:17  Engineering Bay  
  28  3:20  SCV  
  28  3:24  Supply Depot  
  28  3:25  SCV  
  30  3:32  SCV  
  31  3:35  Cyclone  
  31  3:38  SCV  
  35  3:41  Cyclone  
  38  3:50  Missile Turret, SCV x2  
  38  3:54  Medivac  
  42  3:59  Terran Infantry Weapons Level 1  
  42  4:08  Supply Depot  
  42  4:09  SCV  
  44  4:10  SCV  
  44  4:12  Missile Turret  
  44  4:18  Cyclone  
  44  4:21  SCV  
  44  4:22  SCV  
  49  4:27  Missile Turret  
  49  4:33  SCV  
  49  4:34  SCV  
  49  4:36  Cyclone  
  54  4:39  Supply Depot  
  54  4:45  Refinery, SCV  
  55  4:46  SCV  
  55  4:47  Refinery  
  55  4:48  Marine  
  55  4:49  Missile Turret  
  55  4:51  Starport Reactor  
  57  5:00  Cyclone  
  57  5:04  SCV  
  57  5:05  SCV  
  62  5:16  SCV  
  62  5:17  SCV  
  64  5:22  Barracks  
  64  5:28  Terran Infantry Armor Level 1  
  67  5:33  Barracks  
  67  5:39  SCV  
  67  5:40  SCV  
  69  5:50  Stimpack, Command Center  
  69  5:51  SCV  
  69  5:55  Medivac  
  69  6:04  SCV  
  61  6:29  Marine  
  60  6:37  Barracks Tech Lab  
  60  6:39  Barracks  
  59  6:54  Refinery, Marine x3  
  57  6:56  Factory Tech Lab  
  57  6:58  Combat Shields  
  59  7:02  Marauder  
  59  7:07  Supply Depot  
  61  7:11  Marine x2  
  61  7:12  Marauder  
  61  7:14  Orbital Command  
  65  7:21  Siege Tank, Medivac  
  65  7:22  Medivac  
  72  7:23  Marauder  
  72  7:27  Barracks  
  72  7:29  Marine x2  
  76  7:30  Supply Depot  
  76  7:31  Refinery  
  76  7:32  Armory  
  76  7:34  Marauder  
  79  7:44  Marauder  
  79  7:46  Barracks Reactor  
  79  7:47  Marine  
  81  7:52  Starport  
  81  7:54  Supply Depot  
  81  7:55  Marauder  
  83  7:58  Siege Tank  
  83  7:59  Medivac x2  
  83  8:00  SCV x3  
  93  8:12  SCV x3  
  95  8:24  SCV  
  84  8:37  SCV  
  85  8:48  SCV x2  
  85  8:49  SCV  
  85  8:50  Marine x4  
  85  8:54  Starport Reactor  
  92  8:57  Barracks Reactor  
  92  8:58  Barracks  
  92  8:59  Siege Tank  
  92  9:00  Terran Infantry Weapons Level 2, Terran Infantry Armor Level 2  
  92  9:01  SCV  
  92  9:02  Supply Depot, Terran Vehicle Weapons Level 1  
  96  9:03  SCV x2  
  98  9:11  Marine x3  
  98  9:12  Marine  
  98  9:14  Marauder x2  
  106  9:23  Command Center  
  91  9:33  Marine x3  
  91  9:34  Marine x2  
  91  9:35  Marauder x2  
  91  9:36  Siege Tank  
  91  9:37  Viking x2, Medivac x2  
  111  9:42  Missile Turret x2  
  111  9:45  Missile Turret  
  111  9:46  Missile Turret  
  111  9:47  Missile Turret  
  111  9:55  Marine x5  
  111  9:56  Marine  
  117  10:02  Barracks Tech Lab  
  117  10:03  Marauder x2  
  117  10:06  Missile Turret  
  95  10:08  Viking x3  
  95  10:09  Viking  
  103  10:17  Marine x5  
  103  10:18  Marine  
  103  10:21  Siege Tank, Marauder  
  111  10:24  Marauder  
  111  10:25  Marauder  
  99  10:37  Marine x6  
  99  10:38  Medivac x2  
  99  10:42  Marine  
  102  10:46  Marauder x2  
  100  10:58  Marine x6  
  100  11:00  Siege Tank, Marauder  
  100  11:01  Viking, Medivac  
  112  11:05  Planetary Fortress  
  112  11:07  Marauder x2  
  112  11:08  Viking, Medivac  
  120  11:13  SCV x3  
  123  11:25  SCV x3, Marine x6  
  128  11:29  Supply Depot  
  132  11:51  Medivac, SCV, Marine, Marauder  
  132  11:53  Supply Depot, Siege Tank  
  138  11:54  Refinery  
  138  11:58  Refinery  
  132  12:06  Marine x5  
  132  12:07  Marine  
  132  12:08  Marauder  
  139  12:15  Medivac x3, Marauder  
  147  12:16  Supply Depot  
  147  12:23  Marine  
  147  12:27  Supply Depot  
  148  12:38  SCV x3  
  148  12:40  Supply Depot  
Show
View Real Time Build Order
Export as new Build Order

Juxtapose Protoss 

Build Orders: Oracle Opening 

Get SALT Encoding   

  12  0:01  Probe  
  13  0:13  Probe  
  14  0:23  Pylon  
  14  0:26  Probe  
  15  0:41  Probe  
  16  0:44  Gateway  
  16  0:52  Assimilator  
  16  0:53  Probe  
  17  1:05  Probe  
  17  1:09  Pylon  
  18  1:17  Probe  
  19  1:29  Probe  
  20  1:38  Zealot  
  20  1:39  Cybernetics Core  
  22  1:41  Assimilator  
  22  1:42  Probe  
  23  1:54  Probe  
  24  2:06  Probe  
  24  2:07  Warp Gate  
  25  2:19  Stalker  
  27  2:37  Stargate  
  27  2:47  Pylon  
  27  2:54  Stalker  
  29  3:09  Forge  
  29  3:14  Gateway  
  29  3:18  Oracle  
  31  3:32  Stalker  
  33  3:48  Nexus  
  33  3:53  Pylon, Oracle  
  33  3:57  Pylon  
  33  3:58  Probe  
  37  4:18  Probe  
  37  4:23  Shield Battery  
  38  4:33  Twilight Council  
  38  4:37  Pylon  
  38  4:56  Adept  
  38  4:59  Adept  
  42  5:05  Probe  
  43  5:17  Probe  
  41  5:28  Stalker x2  
  45  5:33  Protoss Ground Weapons Level 1  
  45  5:34  Gateway  
  45  5:35  Charge  
  45  5:39  Probe x2  
  47  5:50  Templar Archives  
  47  5:51  Probe x2  
  49  5:59  Photon Cannon  
  49  6:03  Probe x2  
  49  6:04  Pylon  
  51  6:10  Zealot  
  45  6:12  Zealot  
  36  6:32  Void Ray, Zealot  
  36  6:47  Zealot  
  36  6:54  Probe x2  
  38  7:02  Probe  
  38  7:03  Gateway  
  38  7:05  Void Ray  
  38  7:06  Probe  
  40  7:10  Probe  
  45  7:20  Probe  
  45  7:22  Zealot  
  48  7:32  Zealot x2  
  48  7:33  Probe  
  48  7:36  Assimilator  
  53  7:41  Assimilator  
  53  7:45  Probe  
  53  7:47  Void Ray  
  58  8:02  Probe  
  59  8:14  Probe  
  59  8:16  Zealot x4  
  57  8:25  Probe  
  57  8:26  Probe  
  47  8:30  Void Ray  
  47  8:34  Probe  
  47  8:40  Stalker x2  
  47  8:41  Stalker  
  54  8:42  Probe  
  54  8:44  Probe  
  56  8:50  Protoss Ground Armor Level 1  
  56  8:51  Probe  
  57  8:57  Probe  
  57  8:58  Photon Cannon  
  58  9:04  Probe  
  59  9:16  Probe  
  56  9:22  Stalker  
  56  9:23  Stalker x2  
  59  9:24  Stalker  
  61  9:35  Probe  
  62  9:46  Stalker x2  
  62  9:47  Probe  
  67  9:58  Zealot  
  67  9:59  Probe  
  70  10:11  Probe, Zealot x3  
  77  10:23  Probe  
  58  10:35  Probe  
  58  10:39  Zealot x2  
  58  10:40  Zealot  
  58  10:41  Zealot  
  51  11:01  High Templar  
  51  11:02  High Templar x3  
  59  11:22  Robotics Facility  
  59  11:28  Archon  
  59  11:29  Nexus  
  59  11:30  Archon  
  59  11:44  High Templar x2  
  59  11:45  Zealot  
  59  11:46  Zealot  
  67  11:50  Archon  
  43  12:03  Immortal  
  43  12:17  Zealot x2  
  33  12:41  Zealot  
  33  12:42  Zealot x2  
Tags
 
Composition
MMM Bio
League
Platinum
Matchup
PvT
Spawn Locations
Close Positions
Add a new tag
Caveats
  • Supply blocks, unpowered buildings, or Contaminate may cause inaccurate times.
  • Supply counts are checked every 10 seconds.